 Dungeon Crawl Stone Soup version 0.23.2-1-ga50397a6bc (webtiles) character file.

Game seed: 4471035267190362327

1411 1994 the Magician (level 8, -1/60 HPs)
             Began as a Mummy Venom Mage on May 9, 2019.
             Was a Follower of Sif Muna.
             Slain by a wraith (6 damage)
             ... in an ossuary.
             The game lasted 00:44:58 (11142 turns).

1994 the Magician (Mummy Venom Mage)               Turns: 11142, Time: 00:44:59

Health: -1/60      AC:  7    Str: 12    XL:     8   Next: 43%
Magic:  16/16      EV: 12    Int: 16    God:    Sif Muna [*.....]
Gold:   355        SH:  0    Dex: 16    Spells: 8/18 levels left

rFire    x . .     SeeInvis .   x - +1 flail (protect)
rCold    + . .     Gourm    .   (no shield)
rNeg     + + +     Faith    .   h - +0 leather armour
rPois    ∞         Spirit   .   f - +0 helmet
rElec    .         Reflect  .   (no cloak)
rCorr    .         Harm     .   m - +0 pair of gloves
MR       +....                  k - +1 pair of boots
Stlth    ++........             (no amulet)
HPRegen  0.20/turn              n - +4 ring of dexterity
MPRegen  0.15/turn              (no ring)

@: slowed, very slow
A: no food or potions, fire vulnerability, cold resistance 1, negative energy
resistance 3, torment resistance, unbreathing
a: Divine Energy, Renounce Religion


You were in an ossuary.
You worshipped Sif Muna.
Sif Muna was aware of your devotion.
You were not hungry.

You visited 2 branches of the dungeon, and saw 8 of its levels.
You also visited: Sewer and Ossuary.

You collected 355 gold pieces.

Inventory:

Hand Weapons
 b - a +0 dagger
 o - a +0 hunting sling
 x - a +1 flail of protection (weapon)
Missiles
 d - 3 javelins
 i - 121 stones
 r - 12 tomahawks (quivered)
 s - 14 poisoned needles
 w - a throwing net
Armour
 a - a +0 robe
 f - a +0 helmet (worn)
 h - a +0 leather armour (worn)
 k - a +1 pair of boots (worn)
 m - a +0 pair of gloves (worn)
Jewellery
 n - a +4 ring of dexterity (left hand)
Scrolls
 c - 3 scrolls of identify
 e - 2 scrolls of teleportation
 g - a scroll of enchant armour
 j - 8 scrolls of remove curse
 l - 2 scrolls of fog
 t - a scroll of acquirement {unknown}


   Skills:
 + Level 3.9 Fighting
 - Level 1.5 Dodging
 - Level 1.5 Stealth
 + Level 5.5 Spellcasting
 * Level 4.8 Conjurations
 - Level 2.0 Air Magic
 * Level 5.3 Poison Magic


You had 8 spell levels left.
You knew the following spells:

 Your Spells              Type           Power        Failure   Level  Hunger
a - Sting                 Conj/Pois      ###.         2%          1    N/A
b - Poisonous Vapours     Pois/Air       ###...       6%          2    N/A
c - Mephitic Cloud        Conj/Pois/Air  ###.....     11%         3    N/A
d - Olgreb's Toxic Radia  Pois           ###.....     21%         4    N/A

Your spell library contained the following spells:

 Spells                   Type           Power        Failure   Level  Hunger
 Venom Bolt               Conj/Pois      ###.......   54%         5    N/A

Dungeon Overview and Level Annotations

Branches:
Dungeon (7/15)             Temple (1/1) D:4

Altars:
Ashenzari
Cheibriados
Dithmenos
Elyvilon
Fedhas
Gozag
Hepliaklqana
Kikubaaqudgha
Makhleb
Nemelex Xobeh
Okawaru
Qazlal
Ru
Sif Muna
Trog
Uskayaw
Vehumet
Wu Jian
Xom
Yredelemnul
Zin
The Shining One

Shops:
D:4 [}([(

Annotations:
D:3 3 runed translucent doors, Gunterle's ghost, amateur VSEn
D:4 2 runed translucent doors, exclusion: phantom, Menkaure; foxfromabyss's ghost, amateur TeAE
D:5 exclusions: crimson imp and ice beast
D:7 2 transporters, Revguard's ghost, novice CeFi


Innate Abilities, Weirdness & Mutations

You do not eat or drink.
Your flesh is vulnerable to fire.
You are immune to poison.
Your flesh is cold resistant. (rC+)
You are immune to negative energy. (rN+++)
You are immune to unholy pain and torment.
You can survive without breathing.


Message History

Unknown command.
Evoke which item? (* to show all) (? for menu, Esc to quit)
Aiming: Corrosive Bolt
Press: ? - help, Shift-Dir - straight line, f/p - wraith
Aim: a wraith (moderately damaged, slow)
The bolt of acid hits the wraith.
The wraith is splashed with acid.
The acid corrodes the wraith!
The wraith is heavily damaged.
The now-empty wand crumbles to dust.
The wraith is no longer moving slowly.
The wraith barely misses you.
You closely miss the wraith.
The wraith is heavily damaged.
The wraith closely misses you. The wraith hits you!
* * * LOW HITPOINT WARNING * * *
The wraith drains your vigour!
You feel as though you will be slow longer.
You closely miss the wraith.
The wraith is heavily damaged.
The wraith hits you but does no damage. The wraith hits you.
You die...

#.....##...#####.. ##.....#
#....##...##...##. ##....#
#....#...##.?...## .#....#
#....'...'.?.!!..# ..+....#
#....#(..##.!?..##...#....#
#....##...##...##...##....#
#.....##...#####...##.....#
#......##...W.....##......#
#.......#####@#####.......#
#.∩.....................∩.#
#.........................#
############'''############
####...#### #.!'...'!.#
#.!#...#..# ####...####
#...#


You could see a wraith.

Vanquished Creatures
  2 ice beasts
  A sky beast (D:6)
  A centaur (D:5)
  A big kobold (Sewer)
  A bullfrog (D:6)
  A scorpion (D:7)
  A crimson imp (D:6)
  A centaur zombie (D:6)
  A jelly (D:7)
  2 bullfrog zombies
  A bullfrog skeleton (D:6)
  A hound (D:3)
  Terence (D:3)
  Natasha (thrice) (D:3)
  2 iguanas (D:4)
  Ijyb (D:3)
  2 orc wizards (D:3)
  3 worker ants
  A mummy (Ossuary)
  A worker ant zombie (D:6)
  5 gnolls (D:7)
  8 adders
  A river rat (Sewer)
  A shadow imp (D:4)
  4 oozes
  2 adder skeletons
  2 worms
  3 dart slugs
  12 leopard geckos
  17 orcs
  8 bats
  6 giant cockroaches
  7 hobgoblins
  6 jackals
  10 kobolds
  A quokka (D:3)
  2 ball pythons
  4 frilled lizards
  11 gnoll skeletons (Ossuary)
  6 goblins
  5 kobold skeletons (Ossuary)
  A leopard gecko skeleton (D:6)
  9 orc skeletons (Ossuary)
  7 rats
166 creatures vanquished.

Vanquished Creatures (others)
  A fungus (D:3)
  3 plants (D:3)
4 creatures vanquished.

Grand Total: 170 creatures vanquished

Notes
Turn   | Place    | Note
-------+----------+-------------------------------------------
     0 | D:1      | 1994 the Mummy Venom Mage began the quest for the Orb.
     0 | D:1      | Reached XP level 1. HP: 13/13 MP: 4/4
    90 | D:1      | Reached skill level 1 in Conjurations
   309 | D:1      | Reached XP level 2. HP: 15/20 MP: 0/5
   403 | D:1      | Learned a level 2 spell: Poisonous Vapours
  1158 | D:2      | Reached XP level 3. HP: 25/25 MP: 5/7
  1649 | D:2      | Reached skill level 1 in Fighting
  2390 | D:3      | Reached XP level 4. HP: 30/32 MP: 1/8
  2456 | D:3      | Found a glowing drain.
  2669 | D:3      | Learned a level 3 spell: Mephitic Cloud
  2670 | Sewer    | Entered a sewer
  2787 | Sewer    | Noticed a big kobold
  2841 | Sewer    | Killed a big kobold
  2841 | Sewer    | Reached skill level 1 in Air Magic
  2841 | Sewer    | Reached XP level 5. HP: 5/38 MP: 0/10
  3255 | Sewer    | Found a white marble altar of Elyvilon.
  3503 | D:3      | Noticed Terence
  3552 | D:3      | Killed Terence
  3682 | D:3      | Found a runed translucent gate.
  3682 | D:3      | Found a runed translucent gate.
  3683 | D:3      | Found a runed translucent gate.
  3684 | D:3      | Noticed Gunterle's ghost (amateur VSEn)
  3918 | D:3      | Reached XP level 6. HP: 43/44 MP: 0/11
  4577 | D:3      | Noticed Natasha
  4582 | D:3      | Killed Natasha
  4677 | D:3      | Found a radiant altar of Vehumet.
  4796 | D:3      | Noticed Ijyb
  4798 | D:3      | Noticed Natasha
  4805 | D:3      | Killed Ijyb
  5070 | D:3      | Killed Natasha
  5158 | D:3      | Noticed Natasha
  5261 | D:3      | Killed Natasha
  5317 | D:3      | Learned a level 4 spell: Olgreb's Toxic Radiance
  5753 | D:4      | Reached XP level 7. HP: 51/51 MP: 4/13
  5834 | D:4      | Found a staircase to the Ecumenical Temple.
  5880 | D:5      | Entered Level 5 of the Dungeon
  6506 | Temple   | Entered the Ecumenical Temple
  6763 | Temple   | Became a worshipper of Sif Muna the Loreminder
  7970 | D:4      | Noticed Menkaure
  8084 | D:4      | Found Wucriph's Antique Weapon Emporium.
  8087 | D:4      | Found Peavo's Antique Armour Emporium.
  8088 | D:4      | Found Sunedgh's Gadget Emporium.
  8094 | D:4      | Found Vauxkan's Armour Emporium.
  8238 | D:4      | Found Diolloha's Antique Weapon Emporium.
  8239 | D:4      | Found a large runed translucent door.
  8266 | D:4      | Found a large runed translucent door.
  8266 | D:4      | Noticed foxfromabyss's ghost (amateur TeAE)
  8916 | D:6      | Reached skill level 5 in Spellcasting
  8916 | D:6      | Reached XP level 8. HP: 42/58 MP: 5/15
  9345 | D:6      | Reached skill level 5 in Poison Magic
 10334 | D:7      | Found an iron altar of Okawaru.
 10430 | D:7      | Noticed a queen bee
 10430 | D:7      | Noticed a hornet
 10459 | D:7      | Found a transporter.
 10463 | D:7      | Found a transporter.
 10464 | D:7      | Noticed Revguard's ghost (novice CeFi)
 10651 | D:7      | Found a sand-covered staircase.
 10662 | Ossuary  | Entered an ossuary
 11014 | Ossuary  | Reached * piety under Sif Muna
 11142 | Ossuary  | Slain by a wraith

Skill      XL: |  1  2  3  4  5  6  7  8 |
---------------+-------------------------+-----
Conjurations   | 1 2 3 4 |  4.8
Spellcasting   | 3 4 5 |  5.5
Fighting       | 1 2 3 |  3.9
Poison Magic   | 3 4 5 |  5.3
Air Magic      | 1 2 |  2.0
Dodging        | |  1.5
Stealth        | |  1.5

Action                   |  1- 3 |  4- 6 |  7- 9 || total
-------------------------+-------+-------+-------++-------
Melee: Dagger            |    26 |    88 |   242 ||   356
       Flail             |       |       |   130 ||   130
 Fire: Hunting sling     |       |       |    12 ||    12
Throw: Javelin           |       |     4 |     5 ||     9
       Stone             |       |       |     2 ||     2
       Tomahawk          |       |       |     9 ||     9
 Cast: Sting             |    73 |    29 |   116 ||   218
       Poisonous Vapours |     6 |    84 |    48 ||   138
Evoke: Wand              |       |       |     8 ||     8
  Use: Scroll            |       |       |     7 ||     7
Armor: Robe              |     1 |       |       ||     1
       Leather armour    |    20 |    32 |   188 ||   240
Dodge: Dodged            |    21 |    78 |   322 ||   421
